 Dungeon Crawl Stone Soup version 0.19.1-1-g22dce08 (webtiles) character file.

181 theAP the Skirmisher (level 5, 0/34 HPs)
             Began as a Gargoyle Fighter on Jan 6, 2017.
             Slain by a bullfrog (2 damage)
             ... in a sewer.
             The game lasted 00:05:47 (2474 turns).

theAP the Skirmisher (Gargoyle Fighter)             Turns: 2474, Time: 00:05:48

Health: 0/34       AC: 13    Str: 26    XL:     5   Next: 61%
Magic:  5/5        EV:  3    Int:  8    God:
Gold:   86         SH: 11    Dex:  9    Spells: 0 memorised, 4 levels left

rFire  . . .     SeeInvis .     a - +0 flail
rCold  . . .     Gourm    .     e - +0 chain mail
rNeg   + . .     Faith    .     c - +1 shield
rPois  ∞         Spirit   .     (no helmet)
rElec  +         Reflect  .     (no cloak)
rCorr  .         Harm     .     (no gloves)
MR     .....                    (no boots)
Stlth  ..........               (no amulet)
                                (no ring)
                                (no ring)

@: mighty, constricted
A: negative energy resistance 1, electricity resistance, unbreathing,
petrification resistance, rot immunity, AC +4
a: no special abilities


You were in a sewer.
You were not hungry.

You visited 1 branch of the dungeon, and saw 3 of its levels.
You also visited: Sewer.

You collected 86 gold pieces.

Inventory:

Hand Weapons
 a - a +0 flail (weapon)
Armour
 b - a +0 scale mail
 c - a +1 shield (worn)
 e - a +0 chain mail (worn)
Scrolls
 g - a scroll of magic mapping
 l - a scroll of recharging
Potions
 h - a potion of flight {unknown}
 i - a potion of heal wounds {unknown}
 j - 4 potions of magic
 k - a potion of might
 q - a potion of mutation {unknown}
Comestibles
 f - a bread ration
 m - 2 fruits
 n - a slice of pizza


   Skills:
 + Level 4.6 Fighting
 * Level 4.2 Maces & Flails
 - Level 3.2 Armour
 + Level 4.0 Shields


You had 4 spell levels left.
You didn't know any spells.

Dungeon Overview and Level Annotations

Branches:
Dungeon (3/15)

Altars:


Innate Abilities, Weirdness & Mutations

You are resistant to torment.
Your stone body is resilient. (AC +4)
You are immune to poison.
You resist negative energy. (rN+)
You are resistant to electric shocks. (rElec)
You can survive without breathing.
You are immune to petrification.
You are immune to rotting.


Message History

* * * LOW HITPOINT WARNING * * *
The adder bites you but does no damage.
Your unstable footing causes you to fumble your attack.
The bullfrog hits you.
* * * LOW HITPOINT WARNING * * *
The adder bites you but does no damage. You block the bullfrog's attack.
The ball python bites you.
* * * LOW HITPOINT WARNING * * *
The ball python grabs you. The ball python constricts you.
The adder bites you but does no damage. The bullfrog completely misses you.
You block the adder's attack.
You are too injured to fight recklessly!
You are too injured to fight recklessly!
You are too injured to fight recklessly!
You are too injured to fight recklessly!
You are too injured to fight recklessly!
You are too injured to fight recklessly!
Okay, then.
You closely miss the bullfrog. The bullfrog hits you.
You die...

≈≈≈≈≈# #≈≈#≈≈≈#
≈≈≈≈≈# #≈≈≈≈≈≈#
≈≈≈≈≈# #≈≈≈≈≈≈#
≈≈≈≈≈# #≈≈≈≈≈≈#
≈≈≈≈≈# #≈≈≈≈≈≈#
≈≈≈≈≈# #≈≈≈≈≈≈#
≈≈≈≈≈# #≈≈≈≈S≈#
≈≈..## #≈≈≈SFS#
≈...≈# #≈≈≈#@S#
≈≈≈.≈# #≈≈≈F≈≈#
≈≈†÷†# #≈≈≈≈≈≈#
≈≈≈≈≈# #≈≈≈≈≈≈#
≈≈≈≈≈# #≈≈≈≈≈≈#
≈≈≈≈≈# #≈≈≈≈≈≈#
≈≈≈≈≈# #####≈≈≈≈≈≈#
...†.# #..##.≈..≈.#
.....###..##......#


You could see 2 bullfrogs, 2 adders and 2 ball pythons.

Vanquished Creatures
  7 adders
  2 river rats (Sewer)
  A worm (D:3)
  A dart slug (D:1)
  6 leopard geckos
  5 giant cockroaches
  4 goblins
  7 hobgoblins
  4 jackals (D:2)
  10 ball pythons (Sewer)
  7 bats
  7 frilled lizards
  6 kobolds
  30 rats
97 creatures vanquished.

Notes
Turn   | Place    | Note
-------+----------+-------------------------------------------
     0 | D:1      | theAP the Gargoyle Fighter began the quest for the Orb.
     0 | D:1      | Reached XP level 1. HP: 14/14 MP: 1/1
   355 | D:1      | Reached XP level 2. HP: 19/19 MP: 2/2
   782 | D:1      | Reached XP level 3. HP: 24/24 MP: 3/3
  1575 | D:2      | Reached XP level 4. HP: 26/29 MP: 4/4
  1891 | D:3      | Found a glowing drain.
  2051 | Sewer    | Entered a sewer
  2107 | Sewer    | Reached XP level 5. HP: 34/34 MP: 5/5
  2473 | Sewer    | HP: 1/34 [ball python (2)]
  2474 | Sewer    | Slain by a bullfrog

Skill      XL: |  1  2  3  4  5 |
---------------+----------------+-----
Maces & Flails | 3 4 |  4.2
Fighting       | 4 |  4.6
Shields        | 4 |  4.0
Armour         | |  3.2

Action                   |  1- 3 |  4- 6 || total
-------------------------+-------+-------++-------
Melee: Flail             |   180 |   242 ||   422
  Use: Scroll            |       |     7 ||     7
       Potion            |       |     4 ||     4
  Eat: Chunk             |     2 |     4 ||     6
Armor: Chain mail        |   114 |   283 ||   397
       Scale mail        |     2 |       ||     2
Dodge: Dodged            |    33 |   116 ||   149
Block: Shield            |    99 |   240 ||   339
